AoeStats
← ZamSerg

Fortress

507958042Analyzed
4v4 RM · 11d ago on Sep 20, 2026· 56m 51s· 8 players
Game mode
Random Map
Map size
Huge
Population
200
Speed
Normal
Resources
Standard
Victory
Conquest
Starting age
Dark Age
Ending age
Imperial Age
RankedLock teamsTeams togetherTeam positionsShared explorationLock speedFull tech treeHidden civsTurbo modeCheats
Victory
Defeat
🇨🇳 Maya · China
1302
+13
🇮🇩 Shu · Indonesia
1263
+15
🇮🇳 Spanish · India
1263
+15
🇭🇰 Saracens · Hong Kong SAR China
1261
+15
🇨🇳 Poles · China
1294
-17
🇷🇺 Burgundians · Russia
1244
-15
🇧🇷 Bulgarians · Brazil
1212
-13
🇹🇷 Wei · Türkiye
1212
-13
SPPG_Aruba
2:18 Loom
8:25 Feudal Age
12:18 Castle Age
10:33 Double-Bit Axe
13:25 Bow Saw
15:16 Town Watch
17:43 Wheelbarrow
16:59 Horse Collar
18:18 Stone Mining
19:52 Heavy Plow
21:38 Hand Cart
25:49 Imperial Age
23:16 Fletching
23:27 Padded Archer Armor
23:14 Crossbowman
23:59 Bodkin Arrow
24:46 Thumb Ring
24:48 Padded Archer Armor
24:30 Pikeman
25:23 Scale Mail Armor
26:46 Bracer
26:11 Arbalester
27:13 Bolt Magazine
28:25 Chemistry
28:49 Chain Mail Armor
28:45 Forging
29:36 Ballistics
30:10 Halberdier
31:25 Plate Mail Armor
32:17 Fortified Wall
32:59 Conscription
33:10 Leather Archer Armor
37:38 Ring Archer Armor
38:17 Masonry
38:37 Caravan
48:49 Capped Ram
51:21 Siege Ram
57:26 Siege Engineers
57:52 Architecture
痛苦
7:57 Feudal Age
11:34 Castle Age
11:27 Double-Bit Axe
11:24 Horse Collar
12:51 Bow Saw
12:58 Heavy Plow
12:44 Loom
18:12 Wheelbarrow
19:23 Hand Cart
20:30 Gold Mining
23:22 Gold Shaft Mining
26:22 Imperial Age
25:27 Scale Barding Armor
25:33 Forging
26:10 Caravan
26:40 Coinage
26:32 Chain Barding Armor
27:08 Bloodlines
26:58 Husbandry
27:35 Iron Casting
27:30 Conscription
26:30 Elite Mameluke
26:59 Town Watch
27:42 Stone Mining
27:51 Elite Mameluke
30:56 Blast Furnace
30:31 Plate Barding Armor
32:02 Fortified Wall
32:53 Chemistry
31:46 Fletching
32:51 Banking
33:37 Hoardings
36:59 Light Cavalry
41:12 Bodkin Arrow
Amlan73
7:48 Feudal Age
11:15 Castle Age
9:10 Double-Bit Axe
12:06 Husbandry
16:12 Loom
22:06 Wheelbarrow
22:47 Horse Collar
26:18 Imperial Age
24:37 Bow Saw
25:58 Padded Archer Armor
27:15 Bloodlines
27:21 Leather Archer Armor
27:28 Gold Mining
28:52 Conscription
30:00 Ring Archer Armor
29:14 Elite Conquistador
29:53 Stone Mining
31:45 Ring Archer Armor
31:56 Stone Shaft Mining
34:35 Murder Holes
38:14 Caravan
39:29 Fletching
40:25 Pikeman
41:06 Squires
40:51 Arson
41:24 Bodkin Arrow
41:44 Scale Mail Armor
41:49 Town Watch
42:20 Hand Cart
45:39 Two-Man Saw
44:05 Halberdier
45:16 Chain Mail Armor
45:11 Forging
46:42 Plate Mail Armor
48:17 Iron Casting
48:59 Ballistics
49:40 Chemistry
51:30 Light Cavalry
53:14 Blast Furnace
56:13 Inquisition
56:33 Supremacy
12014665
6:54 Feudal Age
6:10 Loom
10:59 Castle Age
9:20 Horse Collar
9:46 Double-Bit Axe
12:33 Wheelbarrow
12:23 Bow Saw
15:11 Fletching
18:23 Padded Archer Armor
28:42 Hand Cart
28:53 Bodkin Arrow
29:15 Heavy Plow
30:14 Town Watch
33:36 Imperial Age
31:41 Town Patrol
31:32 Gold Mining
31:33 Stone Mining
33:06 Leather Archer Armor
33:38 Forging
33:29 Scale Mail Armor
35:02 Conscription
34:46 Bracer
35:52 Chemistry
34:33 Pikeman
35:14 Squires
34:59 Arson
35:55 Iron Casting
35:36 Chain Mail Armor
35:19 Halberdier
35:59 Eagle Warrior
38:07 Two-Man Saw
39:08 Plate Mail Armor
40:36 Ring Archer Armor
41:15 Blast Furnace
41:25 Stone Shaft Mining
40:27 Elite Eagle Warrior
42:42 Holcans
45:02 Caravan
44:28 Elite Plumed Archer
45:09 Hul'che Javelineers
51:22 Crop Rotation
51:30 Capped Ram
54:21 Man-at-Arms
55:23 Fervor
kurinkito
5:50 Feudal Age
6:17 Horse Collar
6:26 Double-Bit Axe
8:42 Gold Mining
14:03 Castle Age
13:21 Bloodlines
14:58 Light Cavalry
15:40 Husbandry
16:32 Loom
17:09 Heavy Plow
18:02 Bow Saw
18:53 Scale Barding Armor
18:51 Town Watch
21:22 Stone Mining
22:56 Tuntian
23:13 Forging
24:50 Wheelbarrow
24:54 Gold Shaft Mining
24:59 Stone Shaft Mining
26:32 Iron Casting
26:35 Hand Cart
27:15 Chain Barding Armor
26:46 Fletching
31:28 Imperial Age
31:41 Bodkin Arrow
32:30 Conscription
31:54 Hussar
36:44 Bracer
37:45 Blast Furnace
38:08 Elite Skirmisher
38:55 Thumb Ring
38:58 Padded Archer Armor
45:22 Leather Archer Armor
47:43 Ming Guang Armor
52:37 Chemistry
ZamSerg
2:01 Double-Bit Axe
3:31 Horse Collar
8:32 Feudal Age
12:24 Castle Age
10:58 Bow Saw
12:18 Heavy Plow
13:22 Loom
21:58 Stone Mining
21:59 Gold Mining
22:06 Gold Mining
23:15 Wheelbarrow
22:28 Town Watch
25:27 Stone Shaft Mining
25:32 Gold Shaft Mining
26:25 Two-Man Saw
26:57 Hand Cart
28:08 Burgundian Vineyards
31:09 Imperial Age
29:24 Fortified Wall
29:10 Murder Holes
29:24 Scale Barding Armor
29:29 Forging
29:10 Fletching
29:25 Husbandry
28:47 Light Cavalry
28:48 Cavalier
29:55 Caravan
31:02 Town Patrol
31:26 Guilds
31:46 Coinage
32:02 Ballistics
31:53 Masonry
31:25 Treadmill Crane
33:46 Conscription
32:53 Paladin
34:31 Banking
36:57 Hussar
38:22 Hoardings
38:41 Chain Barding Armor
38:57 Iron Casting
38:17 Bodkin Arrow
40:52 Plate Barding Armor
41:18 Blast Furnace
43:39 Bracer
45:48 Arson
46:03 Squires
46:08 Scale Mail Armor
46:45 Pikeman
53:28 Chemistry
53:01 Architecture
56:30 Padded Archer Armor
[LCDR]->GOG
6:26 Feudal Age
11:45 Castle Age
9:50 Double-Bit Axe
10:19 Horse Collar
14:29 Bow Saw
15:51 Forging
19:24 Loom
22:10 Town Watch
23:01 Wheelbarrow
22:44 Gold Mining
22:44 Stone Mining
22:50 Stone Mining
25:36 Hand Cart
25:58 Gold Shaft Mining
25:58 Stone Shaft Mining
30:06 Imperial Age
27:48 Heavy Plow
27:59 Fletching
30:15 Ballistics
29:51 Bodkin Arrow
30:33 Iron Casting
30:03 Scale Barding Armor
30:12 Stirrups
30:32 Heavy Scorpion
32:15 Chemistry
31:41 Bloodlines
31:32 Husbandry
30:53 Light Cavalry
31:38 Bracer
32:47 Siege Engineers
33:33 Masonry
35:40 Chain Barding Armor
35:21 Scale Mail Armor
36:21 Blast Furnace
37:50 Gambesons
38:05 Squires
38:23 Chain Mail Armor
37:43 Hussar
39:44 Plate Barding Armor
41:38 Capped Ram
46:07 Siege Ram
47:58 Stone Shaft Mining
52:25 Bagains
52:45 Conscription
52:57 Plate Mail Armor
52:58 Conscription
C_XW
6:14 Feudal Age
6:42 Horse Collar
7:31 Double-Bit Axe
12:20 Castle Age
10:57 Gold Mining
13:25 Bow Saw
13:16 Heavy Plow
14:27 Wheelbarrow
15:13 Wheelbarrow
17:14 Bloodlines
17:07 Husbandry
17:14 Scale Barding Armor
17:19 Forging
21:08 Szlachta Privileges
21:24 Chain Barding Armor
22:25 Forging
22:21 Husbandry
22:47 Hand Cart
28:14 Imperial Age
25:32 Loom
25:33 Town Watch
28:23 Cavalier
28:32 Cavalier
29:49 Iron Casting
29:37 Conscription
29:39 Lechitic Legacy
31:00 Blast Furnace
29:29 Capped Ram
30:29 Siege Ram
31:53 Crop Rotation
31:56 Stone Mining
32:23 Fletching
32:19 Light Cavalry
34:08 Chemistry
33:14 Siege Engineers
32:36 Onager
33:59 Fortified Wall
Connection lost

Rejoining the realm…

Still unreachable

The connection could not be restored.

Session expired

The server has moved on; the page needs a fresh start.